[ AOE2 MATCH · #507128031 ]
UnrankedWu vs Maya
Player's team · LOSS
Rival team · WIN
[ REPLAY ANALYSIS · EXTRACTED FROM THE RECORDED GAME ]
Feudal
15:42
Castle
19:48
Imperial
—
| APM avg | 51.4 |
| APM peak | 78 |
| eAPM avg | 17.3 |
| Villagers / military | 47 / 7 |
Focus
⚔️ 38.5% · 🌾 61.5%
Unknown (1974) ×17 · Militia ×7
Feudal
9:41
Castle
21:02
Imperial
—
| APM avg | 54.2 |
| APM peak | 84 |
| eAPM avg | 23.1 |
| Villagers / military | 54 / 38 |
Focus
⚔️ 26.4% · 🌾 73.6%
Plumed Archer ×23 · Archer ×14 · Petard ×1
Match map
Initial resources + every placement click. Lines = walls · curves = elevation contours. ◆ gold · ⬟ stone · ● berries · ✦ relic · ◌ wall gap
Your base· Open — 4t gap
french drush's base· Open — unwalled flank
Smoothed initial terrain · ◌ = detected wall gap · hover for details
Inputs per minute
— SaintedByArmor - - french drush
Build order — SaintedByArmor
First 150 of 153 actions detected
| 0:00 | Queue | Villager (Male) |
| 0:01 | Queue | Villager (Male) |
| 0:02 | Build | House |
| 0:02 | Build | House |
| 0:29 | Queue | Villager (Male) |
| 0:30 | Queue | Villager (Male) |
| 1:33 | Queue | Villager (Male) |
| 2:04 | Queue | Villager (Male) |
| 2:05 | Queue | Villager (Male) |
| 2:44 | Queue | Villager (Male) |
| 2:47 | Queue | Villager (Male) |
| 3:19 | Queue | Villager (Male) |
| 3:23 | Build | Barracks |
| 3:38 | Build | Palisade Wall |
| 3:41 | Build | Palisade Wall |
| 3:46 | Build | House |
| 3:50 | Queue | Villager (Male) |
| 4:39 | Queue | Villager (Male) |
| 4:44 | Queue | Militia |
| 4:44 | Queue | Militia |
| 4:54 | Queue | Villager (Male) |
| 5:06 | Queue | Militia |
| 5:23 | Build | House |
| 5:27 | Queue | Villager (Male) |
| 5:32 | Build | House |
| 5:40 | Queue | Militia |
| 5:57 | Queue | Militia |
| 6:05 | Queue | Villager (Male) |
| 6:17 | Build | House |
| 6:39 | Queue | Villager (Male) |
| 6:47 | Build | House |
| 6:48 | Build | House |
| 6:56 | Queue | Villager (Male) |
| 7:03 | Queue | Villager (Male) |
| 7:07 | Build | Palisade Wall |
| 7:12 | Queue | Militia |
| 7:29 | Queue | Villager (Male) |
| 7:43 | Build | Lumber Camp |
| 7:43 | Queue | Villager (Male) |
| 8:05 | Build | Palisade Wall |
| 8:05 | Build | Palisade Wall |
| 8:06 | Build | Palisade Wall |
| 8:07 | Build | Palisade Wall |
| 8:08 | Build | Palisade Wall |
| 8:08 | Build | Palisade Wall |
| 8:09 | Build | Palisade Wall |
| 8:10 | Build | Palisade Wall |
| 8:14 | Queue | Villager (Male) |
| 8:40 | Build | Palisade Wall |
| 8:41 | Build | Palisade Wall |
| 8:47 | Queue | Villager (Male) |
| 8:50 | Queue | Militia |
| 9:11 | Queue | Villager (Male) |
| 9:33 | Queue | Villager (Male) |
| 9:37 | Build | Mill |
| 10:06 | Build | House |
| 10:08 | Build | Palisade Wall |
| 10:14 | Build | House |
| 10:16 | Build | Palisade Wall |
| 10:17 | Queue | Villager (Male) |
| 10:26 | Queue | Villager (Male) |
| 10:34 | Build | House |
| 10:35 | Build | Palisade Wall |
| 10:48 | Build | House |
| 10:53 | Build | Palisade Wall |
| 10:55 | Build | Palisade Wall |
| 10:57 | Build | Palisade Wall |
| 11:04 | Queue | Villager (Male) |
| 11:08 | Build | Mining Camp |
| 11:36 | Queue | Villager (Male) |
| 11:46 | Build | House |
| 11:47 | Build | Palisade Wall |
| 12:03 | Build | Palisade Wall |
| 12:05 | Queue | Villager (Male) |
| 12:07 | Build | Farm |
| 12:07 | Build | Farm |
| 12:15 | Build | Farm |
| 12:19 | Build | Farm |
| 12:20 | Build | Farm |
| 12:32 | Queue | Villager (Male) |
| 12:37 | Build | House |
| 12:44 | Build | House |
| 13:02 | Build | Farm |
| 13:07 | Queue | Villager (Male) |
| 13:10 | Research | Loom |
| 13:16 | Build | Palisade Wall |
| 13:21 | Build | Farm |
| 13:23 | Build | Farm |
| 13:32 | Research | Feudal Age |
| 13:36 | Build | Farm |
| 13:39 | Build | House |
| 13:43 | Build | House |
| 14:53 | Research | Loom |
| 14:54 | Queue | Villager (Male) |
| 15:19 | Build | House |
| 15:21 | Build | House |
| 15:22 | Build | House |
| 15:38 | Build | Lumber Camp |
| 15:42 | Age | Feudal Age |
| 15:50 | Build | Market |
| 16:44 | Build | Blacksmith |
| 17:08 | Research | Castle Age |
| 17:16 | Build | Farm |
| 17:22 | Build | Barracks |
| 17:40 | Build | Farm |
| 17:59 | Build | Mining Camp |
| 18:44 | Build | House |
| 19:13 | Build | Barracks |
| 19:33 | Queue | Villager (Male) |
| 19:42 | Build | Farm |
| 19:48 | Age | Castle Age |
| 19:52 | Queue | Unit 1974 |
| 19:52 | Queue | Unit 1974 |
| 19:52 | Queue | Unit 1974 |
| 19:54 | Queue | Unit 1974 |
| 19:54 | Queue | Unit 1974 |
| 19:54 | Queue | Unit 1974 |
| 19:59 | Queue | Villager (Male) |
| 20:08 | Queue | Unit 1974 |
| 20:08 | Queue | Unit 1974 |
| 20:21 | Build | House |
| 20:27 | Queue | Villager (Male) |
| 20:53 | Queue | Villager (Male) |
| 20:56 | Queue | Unit 1974 |
| 21:15 | Queue | Villager (Male) |
| 21:22 | Research | Double-Bit Axe |
| 21:46 | Queue | Villager (Male) |
| 21:48 | Queue | Villager (Male) |
| 22:02 | Queue | Unit 1974 |
| 22:02 | Queue | Unit 1974 |
| 22:02 | Queue | Unit 1974 |
| 22:17 | Build | Farm |
| 22:37 | Queue | Villager (Male) |
| 22:52 | Queue | Unit 1974 |
| 23:01 | Queue | Villager (Male) |
| 23:18 | Build | Farm |
| 23:20 | Queue | Villager (Male) |
| 23:32 | Research | Scale Mail Armor |
| 23:39 | Research | Squires |
| 24:05 | Queue | Villager (Male) |
| 24:11 | Queue | Unit 1974 |
| 24:30 | Queue | Villager (Male) |
| 24:39 | Queue | Unit 1974 |
| 24:39 | Queue | Unit 1974 |
| 24:52 | Queue | Villager (Male) |
| 24:57 | Queue | Unit 1974 |
| 25:12 | Queue | Villager (Male) |
| 25:23 | Build | Farm |
| 25:26 | Build | House |
| 25:28 | Build | Palisade Wall |
Build order — french drush
142 actions detected in the replay
| 0:01 | Research | Loom |
| 0:02 | Build | House |
| 0:03 | Build | House |
| 0:09 | Queue | Villager (Male) |
| 0:10 | Queue | Villager (Male) |
| 0:15 | Queue | Villager (Male) |
| 1:25 | Queue | Villager (Male) |
| 1:57 | Queue | Villager (Male) |
| 2:13 | Build | Lumber Camp |
| 2:20 | Queue | Villager (Male) |
| 2:22 | Queue | Villager (Male) |
| 2:59 | Queue | Villager (Male) |
| 3:24 | Queue | Villager (Male) |
| 3:50 | Build | House |
| 3:51 | Build | House |
| 3:55 | Build | House |
| 3:59 | Queue | Villager (Male) |
| 4:19 | Queue | Villager (Male) |
| 4:52 | Queue | Villager (Male) |
| 4:56 | Build | Mill |
| 5:13 | Queue | Villager (Male) |
| 5:41 | Queue | Villager (Male) |
| 6:09 | Queue | Villager (Male) |
| 6:29 | Queue | Villager (Male) |
| 6:45 | Queue | Villager (Male) |
| 7:31 | Research | Feudal Age |
| 8:01 | Build | House |
| 8:36 | Build | House |
| 8:40 | Build | Barracks |
| 8:53 | Queue | Villager (Male) |
| 9:41 | Age | Feudal Age |
| 9:43 | Build | Archery Range |
| 10:01 | Build | Watch Tower |
| 10:06 | Queue | Villager (Male) |
| 10:19 | Build | Lumber Camp |
| 10:31 | Queue | Villager (Male) |
| 10:37 | Queue | Archer |
| 10:52 | Queue | Villager (Male) |
| 10:52 | Queue | Villager (Male) |
| 11:03 | Build | Mining Camp |
| 11:51 | Queue | Archer |
| 11:54 | Queue | Villager (Male) |
| 12:08 | Queue | Villager (Male) |
| 12:18 | Queue | Archer |
| 12:18 | Queue | Archer |
| 12:24 | Build | Farm |
| 12:30 | Queue | Archer |
| 12:36 | Queue | Villager (Male) |
| 12:45 | Queue | Archer |
| 12:51 | Queue | Archer |
| 13:03 | Queue | Villager (Male) |
| 13:09 | Queue | Villager (Male) |
| 13:12 | Queue | Archer |
| 13:16 | Build | House |
| 13:17 | Build | House |
| 13:22 | Build | House |
| 13:25 | Build | Farm |
| 13:28 | Queue | Villager (Male) |
| 13:34 | Queue | Archer |
| 13:38 | Build | Mill |
| 13:46 | Build | Farm |
| 13:46 | Queue | Villager (Male) |
| 13:58 | Build | Mill |
| 14:20 | Queue | Villager (Male) |
| 14:28 | Build | Blacksmith |
| 14:28 | Queue | Archer |
| 14:48 | Queue | Villager (Male) |
| 14:55 | Build | Farm |
| 14:58 | Build | Farm |
| 15:08 | Queue | Villager (Male) |
| 15:15 | Queue | Archer |
| 15:29 | Queue | Villager (Male) |
| 15:31 | Build | Farm |
| 15:33 | Build | House |
| 15:33 | Build | House |
| 15:35 | Queue | Villager (Male) |
| 15:52 | Queue | Villager (Male) |
| 15:57 | Research | Fletching |
| 16:00 | Queue | Villager (Male) |
| 16:02 | Build | Farm |
| 16:22 | Queue | Villager (Male) |
| 16:29 | Queue | Archer |
| 16:29 | Queue | Archer |
| 16:36 | Build | Market |
| 16:37 | Queue | Villager (Male) |
| 17:01 | Build | Mining Camp |
| 17:04 | Queue | Villager (Male) |
| 17:09 | Queue | Archer |
| 17:50 | Queue | Villager (Male) |
| 18:22 | Research | Castle Age |
| 18:39 | Build | House |
| 19:00 | Build | House |
| 19:06 | Research | Double-Bit Axe |
| 21:02 | Age | Castle Age |
| 21:06 | Research | Bodkin Arrow |
| 21:15 | Build | Castle |
| 21:22 | Queue | Villager (Male) |
| 21:58 | Queue | Villager (Male) |
| 22:19 | Build | Farm |
| 22:20 | Queue | Plumed Archer |
| 22:20 | Queue | Plumed Archer |
| 22:25 | Queue | Villager (Male) |
| 22:27 | Queue | Plumed Archer |
| 22:38 | Queue | Plumed Archer |
| 22:48 | Build | University |
| 22:50 | Queue | Plumed Archer |
| 22:56 | Queue | Villager (Male) |
| 23:17 | Queue | Plumed Archer |
| 23:20 | Queue | Villager (Male) |
| 23:28 | Queue | Plumed Archer |
| 23:41 | Queue | Plumed Archer |
| 23:48 | Queue | Villager (Male) |
| 23:54 | Research | Ballistics |
| 24:01 | Queue | Plumed Archer |
| 24:03 | Queue | Petard |
| 24:03 | Queue | Villager (Male) |
| 24:12 | Build | Outpost |
| 24:18 | Queue | Plumed Archer |
| 24:22 | Queue | Plumed Archer |
| 24:24 | Queue | Villager (Male) |
| 24:28 | Queue | Plumed Archer |
| 24:29 | Queue | Villager (Male) |
| 24:35 | Build | Lumber Camp |
| 24:37 | Queue | Plumed Archer |
| 24:39 | Queue | Plumed Archer |
| 24:48 | Queue | Villager (Male) |
| 24:52 | Build | Farm |
| 24:55 | Queue | Plumed Archer |
| 24:58 | Queue | Villager (Male) |
| 25:01 | Build | Farm |
| 25:02 | Queue | Villager (Male) |
| 25:07 | Queue | Plumed Archer |
| 25:12 | Queue | Plumed Archer |
| 25:15 | Queue | Villager (Male) |
| 25:30 | Queue | Plumed Archer |
| 25:31 | Queue | Plumed Archer |
| 25:31 | Queue | Villager (Male) |
| 25:39 | Build | House |
| 25:42 | Queue | Plumed Archer |
| 25:42 | Queue | Plumed Archer |
| 26:02 | Queue | Plumed Archer |
| 26:02 | Queue | Plumed Archer |
Match timeline
| 3:23 | SaintedByArmor · first_building Barracks |
| 3:38 | SaintedByArmor · wall_segment Palisade Wall x1 |
| 3:41 | SaintedByArmor · wall_segment Palisade Wall x1 |
| 7:07 | SaintedByArmor · wall_segment Palisade Wall x1 |
| 8:05 | SaintedByArmor · wall_segment Palisade Wall x1 |
| 8:05 | SaintedByArmor · wall_segment Palisade Wall x1 |
| 8:06 | SaintedByArmor · wall_segment Palisade Wall x1 |
| 8:07 | SaintedByArmor · wall_segment Palisade Wall x2 |
| 8:08 | SaintedByArmor · wall_segment Palisade Wall x1 |
| 8:08 | SaintedByArmor · wall_segment Palisade Wall x1 |
| 8:09 | SaintedByArmor · wall_segment Palisade Wall x1 |
| 8:10 | SaintedByArmor · wall_segment Palisade Wall x3 |
| 8:40 | french drush · first_building Barracks |
| 8:40 | SaintedByArmor · wall_segment Palisade Wall x1 |
| 8:41 | SaintedByArmor · wall_segment Palisade Wall x1 |
| 9:41 | french drush · age_up feudal |
| 9:43 | french drush · first_building Archery Range |
| 10:08 | SaintedByArmor · wall_segment Palisade Wall x4 |
| 10:16 | SaintedByArmor · wall_segment Palisade Wall x4 |
| 10:35 | SaintedByArmor · wall_segment Palisade Wall x6 |
| 10:53 | SaintedByArmor · wall_segment Palisade Wall x6 |
| 10:55 | SaintedByArmor · wall_segment Palisade Wall x2 |
| 10:57 | SaintedByArmor · wall_segment Palisade Wall x2 |
| 11:47 | SaintedByArmor · wall_segment Palisade Wall x4 |
| 12:03 | SaintedByArmor · wall_segment Palisade Wall x3 |
| 13:16 | SaintedByArmor · wall_segment Palisade Wall x1 |
| 15:42 | SaintedByArmor · age_up feudal |
| 16:59 | SaintedByArmor · first_market_sell 100 stone |
| 17:02 | SaintedByArmor · first_market_buy 100 food |
| 17:44 | french drush · first_market_buy 100 food |
| 17:47 | french drush · first_market_sell 100 wood |
| 19:48 | SaintedByArmor · age_up castle |
| 21:02 | french drush · age_up castle |
| 21:15 | french drush · first_building Castle |
| 25:28 | SaintedByArmor · wall_segment Palisade Wall x1 |
| 26:07 | SaintedByArmor · resign |
[ AI ANALYSIS · 1 CREDIT ]
What really happened in this match?
Wolo.gg analyzes every decision: build order, eco, micro, common mistakes by bracket. Personalized analysis on WhatsApp or Discord in 30 seconds.
Civ guide
Wu
Perfil
Jugador #13797156